 Dungeon Crawl Stone Soup version 0.17-a0-2069-g0f4ee5b (webtiles) character file.

148 CuntPokingMan the Chiller (level 5, -5/38 HPs)
             Began as a Draconian Ice Elementalist on Oct 13, 2015.
             Killed from afar by Ijyb (19 damage)
             ... with a wand of fire
             ... on level 3 of the Dungeon.
             The game lasted 00:05:04 (2289 turns).

CuntPokingMan the Chiller (DrIE)                    Turns: 2289, Time: 00:05:04

Health: -5/38      AC:  6    Str: 10    XL:     5   Next: 8%
Magic:  8/8        EV: 12    Int: 17    God:
Gold:   121        SH:  0    Dex: 11    Spells: 1 memorised, 7 levels left

rFire  . . .     SeeInvis .     p - +2 whip (elec)
rCold  . . .     Clarity  .     (armour unavailable)
rNeg   . . .     SustAt   .     (no shield)
rPois  .         Gourm    .     (helmet restricted)
rElec  .         Spirit   .     j - +0 cloak
rCorr  .         Warding  .     (no gloves)
rMut   .         Stasis   .     (no boots)
MR     .....                    (no amulet)
Stlth  ++........               (no ring)
                                (no ring)

@: lethally poisoned (-5 -> -7), not resistant to hostile enchantments,
unstealthy
A: unfitting armour, cold-blooded, AC +5
a: no special abilities


You were on level 3 of the Dungeon.
You were not hungry.

You visited 1 branch of the dungeon, and saw 3 of its levels.

You collected 121 gold pieces.

Inventory:

Hand Weapons
 k - a +0 hand axe
 o - a +2 short sword of protection
 p - a +2 whip of electrocution (weapon)
Armour
 j - a +0 cloak (worn)
Scrolls
 c - a scroll of enchant armour {unknown}
 d - a scroll of fear
 e - 5 scrolls of remove curse
 f - a scroll of fog {unknown}
 g - a scroll of enchant weapon {unknown}
 h - 5 scrolls of teleportation {unknown}
 m - a scroll of noise {unknown}
 n - a scroll of immolation {unknown}
 q - a scroll of identify {unknown}
Books
 a - a book of Frost

   Spells                             Type                      Level
   a - Freeze                         Ice                          1
   b - Throw Frost                    Conjuration/Ice              2
   c - Ozocubu's Armour               Charms/Ice                   3
   d - Throw Icicle                   Conjuration/Ice              4
   e - Summon Ice Beast               Ice/Summoning                4
   f - Condensation Shield            Ice                          4
Comestibles
 b - a bread ration


   Skills:
 - Level 1.7 Dodging
 - Level 1.7 Stealth
 - Level 2.0 Spellcasting
   Level 1.0 Conjurations
 + Level 5.8 Ice Magic


You had 7 spell levels left.
You knew the following spells:

 Your Spells              Type           Power        Failure   Level  Hunger
a - Freeze                Ice            ###.         1%          1    #......


Dungeon Overview and Level Annotations

Branches:
Dungeon (3/15)

Altars:

Annotations:
D:3 Ijyb


Innate Abilities, Weirdness & Mutations

Your plain brown scales are hard (AC +5).
Your body does not fit into most forms of armour.
You are cold-blooded and may be slowed by cold attacks.


Message History

Ijyb zaps a wand.
The bolt of fire misses you.
It is a wand of fire.
You see here 2 stones.
The goblin shoots a stone.
The stone misses you. Ijyb completely misses you.
The goblin unwields an uncursed hunting sling.
The goblin wields an uncursed dagger.
The goblin hits you with an uncursed dagger.
The goblin shoots a stone.
The stone hits you but does no damage.
You see here 3 stones.
The goblin unwields an uncursed dagger.
The goblin wields an uncursed hunting sling.
The goblin shoots a stone.
The stone hits you.
The goblin shoots a stone.
The stone hits you but does no damage.
You see here 2 stones.
You feel sick.
The goblin shoots a stone.
The stone hits you but does no damage.
Things that are here:
2 stones; a dagger Ijyb zaps a wand.
The bolt of fire hits you!
Ouch! That really hurt!
You die...

...##.### )8............ ...##.#
#............ ...##.#
#........... ...##.# #....g......
...##.# #........... ...##.######
#........... ...#.......#
#g.(.........
...#.......#######.(.(...........
...#...........)@(g..............
.#.#........######...............
....#'####...................[...
.#..#.####...##.##...............
.#..#.#......##.##...............
.#..#.#.#######.#...)............
.#..#.....# #.#................
.#..#...#.#####.#................
.#..#...#....##.#...<....).......


You could see Ijyb and a goblin.

Vanquished Creatures
  An orc priest (D:3)
  An orc wizard (D:3)
  2 adders (D:2)
  2 oozes
  2 worms
  2 giant geckos (D:1)
  3 orcs (D:3)
  3 bats
  4 giant cockroaches
  6 hobgoblins
  2 jackals (D:1)
  A giant newt (D:2)
  9 goblins
  9 kobolds
  9 rats
56 creatures vanquished.

Notes
Turn   | Place    | Note
--------------------------------------------------------------
     0 | D:1      | CuntPokingMan the Draconian Ice Elementalist began the quest for the Orb.
     0 | D:1      | Reached XP level 1. HP: 14/14 MP: 3/3
   152 | D:1      | Reached XP level 2. HP: 12/20 MP: 1/5
   434 | D:1      | Reached skill level 4 in Ice Magic
   634 | D:1      | Reached XP level 3. HP: 14/26 MP: 4/6
   872 | D:2      | Found a faded altar to an unknown god.
  1224 | D:2      | Reached XP level 4. HP: 24/33 MP: 7/7
  1696 | D:3      | Reached skill level 5 in Ice Magic
  1804 | D:3      | Reached XP level 5. HP: 33/38 MP: 8/8
  2254 | D:3      | Noticed Ijyb
  2289 | D:3      | Killed from afar by Ijyb

Vault maps used:
D:1:      elethiomel_arrival_shortcut, st_stairs_4
D:2:      ecumenical_altar_2
D:3:      kennysheep_the_goblin_king

Action                   |  1- 3 |  4- 6 || total
-------------------------+-------+-------++-------
Melee: Hand axe          |    88 |    11 ||    99
       Unarmed           |     3 |       ||     3
       Whip              |       |    55 ||    55
 Cast: Freeze            |    15 |     3 ||    18
  Use: Potion            |     2 |     1 ||     3
       Scroll            |     1 |     1 ||     2
 Stab: Sleeping          |     1 |     1 ||     2
  Eat: Chunk             |     1 |       ||     1
       Meat ration       |       |     1 ||     1
